I'm a fork and what is this, chaotic male orcish Wizard ----------- |.........| - --- --- |.....<...| . . .+ -----|----- |. -------- .- ----- -.| # |. |+++|(.|------.| |(((| +.| # |.. |+++|..|.....|.| |((.| |.| # |.. |...||-|.._..|.-+-|...|---.+ # |...-|---..|.....|....--|--....| # |..........|.....|.............| -------.---- |........{.----(--.{...........| ...........| |.......%@@@.M.................| |..........| ....--|--@..@Y.j.%..-+--+---...| ...........| |...|...|-------.---| |...| |..........| |.. |((.| |%%.-.-..| |....########..(........| |.. |(((| |%!.|.|..| |...| ------------ |.. ----- -----.---- -...| |. .. ....| -- ---- ------ I'm a fork and what is this the Thaumaturge Experience level: 6 Strength: 11 Dexterity: 10 Constitution: 17 Intelligence: 13 Wisdom: 17 Charisma: 8 Health: 0(47) Energy: 73(78) Def: -3 Gold: 16 Moves: 1442 Dungeon seed: jTMsDkNZx0K3vjQF Game ID: I'm a fork and what is this_1467468475 Your Inventory: Coins $ - 16 gold pieces Amulets C - an uncursed amulet of ESP Weapons a - a blessed +1 quarterstaff (weapon in hands) W - 4 +0 spears X - a cursed -3 spear Armor e - an uncursed +0 cloak of magic resistance f - an uncursed +0 chain mail g - an uncursed +0 dunce cap i - an uncursed +0 leather armor n - an uncursed +0 pair of speed boots (being worn) r - a cursed -6 orcish helm (being worn) u - an uncursed +1 leather armor w - an uncursed +0 leather armor z - an uncursed +0 dwarvish cloak R - an uncursed +0 dwarvish cloak T - a blessed +1 dwarvish cloak (being worn) Z - a blessed +1 Uruk-hai shield Comestibles m - 2 uncursed tripe rations o - an uncursed eucalyptus leaf S - 2 uncursed food rations Scrolls k - a cursed scroll of identify s - an uncursed scroll of enchant weapon F - an uncursed scroll of magic mapping J - an uncursed scroll of fire P - an uncursed scroll of remove curse V - a cursed scroll of teleportation Spellbooks b - a blessed spellbook of force bolt c - an uncursed spellbook of create monster l - an uncursed spellbook of clairvoyance Potions p - an uncursed potion of hallucination t - a cursed potion of confusion K - a potion of unholy water Rings E - an uncursed +2 ring of gain constitution Wands d - a wand of nothing (0:6) h - a wand of polymorph (0:5) Tools j - an uncursed tooled horn v - a bag of tricks (0:12) x - an uncursed sack A - 13 uncursed tallow candles (0:200) D - an uncursed skeleton key Q - an uncursed blindfold U - a cursed magic lamp Gems q - 10 uncursed rocks y - an uncursed worthless piece of blue glass N - 2 uncursed touchstones Y - an uncursed fluorite stone Spells and supernatural/magical abilities: Name Level Category Fail Memory a - force bolt 1 attack 14% 93% v - clairvoyance 3 divination 100% 95% O - create monster 2 clerical 87% 93% W - pray for help -- divine ? -- Your skills at the end: Miscellaneous Skills wands [Basic] Weapon Skills scimitar [Basic] quarterstaff [Basic] Spellcasting Skills attack spells [Basic] enchantment spells [Basic] Final Attributes: You were devoutly aligned. You were poison resistant. You had infravision. You were very fast. You are dead. Vanquished creatures: an orc shaman 4 gnome lords 3 gnomish wizards a gray ooze a little dog 8 dwarves an iguana a rothe a hobbit a gecko a yellow mold 26 gnomes 4 jackals a kobold 3 newts 2 goblins 3 grid bugs a lichen a kobold zombie 64 creatures vanquished. Voluntary challenges: You used a wielded weapon 103 times, starting on turn 13. You did not apply a unicorn horn. You read items or engraved 10 times, starting on turn 150. You never genocided any monsters. You never polymorphed an object. You never changed form. You used no wishes. You never split a pudding. You wrote Elbereth's name 1 time, starting on turn 150. You violated your moral code, losing 3 points of alignment, starting on turn 13. Dungeon overview: The Dungeons of Doom: levels 1 to 3 Level 1 a long staircase Level 2 a fountain, a sink Level 3 some fountains, a sink stairs to The Gnomish Mines The Gnomish Mines: levels 4 to 7 Level 4 stairs to The Dungeons of Doom Level 5 Level 6 Level 7 <- You were here many shops, a temple to Thoth, a magic chest, some fountains History has recorded: On T:1 you entered the Dungeons of Doom to retrieve the Amulet of Yendor! On T:241 you reached level 2 of The Dungeons of Doom. On T:303 you advanced to experience level 2. On T:395 you reached level 3 of The Dungeons of Doom. On T:619 you reached level 1 of The Gnomish Mines. On T:626 you advanced to experience level 3. On T:652 you advanced to experience level 4. On T:784 you advanced to experience level 5. On T:836 you reached level 2 of The Gnomish Mines. On T:1141 you reached level 3 of The Gnomish Mines. On T:1144 you advanced to experience level 6. On T:1238 you reached level 4 of The Gnomish Mines. On T:1317 you entered the Minetown temple On T:1342 you opened a magic chest. Score breakdown: Gold: 16 ( 1 points) Experience: 6 levels ( 500 points) Exploration: 7 levels ( 180 points) Discoveries: 13 items ( 650 points) Variety of kills: 19 monsters ( 950 points) Major goal: reached Minetown ( 500 points) Survival: died (score multiplied by 3) Total score: 8343 Latest messages: You feel strong! You must have been exercising. You kill the gnome! There are a few objects here. S - an uncursed food ration. The dwarf mummy scratches you! (3x) You hear the splashing of a naiad. You hit the dwarf mummy! The dwarf mummy scratches you! The spell hits the dwarf mummy! The ape claws you! (2x) The ape bites! The dwarf mummy scratches you! The ape claws you! (2x) The ape bites! The dwarf mummy scratches you! You die... The sack is empty. The sack is empty. Final status: Goodbye I'm a fork and what is this the Wizard, killed by a dwarf mummy... You died in The Gnomish Mines on dungeon level 7 with 8343 points, and 16 pieces of gold, after 1442 moves. You were level 6 with a maximum of 47 hit points when you died.